Map: [ESL] Moondance

Players

Raza

  • Race: Terran Terran
  • Spawn Location: 6:00

Mixu - Winner!

  • Race: Zerg Zerg
  • Spawn Location: 12:00

Event: DreamHack SC2 Masters 2022 Atlanta (Offline)

VOD

Have the link to the VOD?

Description

Time

  • Played on: Nov. 18, 2022, 1:44 p.m.
  • Length: 10:13

All games in this series

Show
View Real Time Build Order
Export as new Build Order

Raza Terran 

Build Orders: Liberator Opening, Reaper Expand 

Get SALT Encoding   

  12  0:00  SCV  
  13  0:12  SCV  
  14  0:16  Supply Depot  
  14  0:24  SCV  
  15  0:38  SCV  
  15  0:39  Barracks  
  16  0:43  Refinery  
  16  0:50  SCV  
  17  1:02  SCV  
  18  1:14  SCV  
  19  1:25  Reaper  
  20  1:26  Orbital Command  
  20  1:38  Command Center  
  20  1:46  Supply Depot  
  20  1:52  SCV  
  21  1:57  Marine  
  22  2:04  SCV  
  23  2:10  Factory  
  23  2:16  SCV  
  23  2:20  Barracks Reactor  
  24  2:28  SCV  
  25  2:37  Command Center  
  26  2:44  SCV  
  26  2:50  Orbital Command  
  26  2:56  SCV  
  26  2:58  Starport  
  27  3:02  Refinery  
  27  3:07  Hellion  
  27  3:09  SCV  
  30  3:14  Hellion  
  30  3:16  SCV  
  30  3:19  Marine  
  34  3:22  SCV  
  35  3:28  SCV  
  36  3:34  SCV  
  36  3:35  Hellion  
  36  3:36  Hellion  
  36  3:40  SCV  
  42  3:42  Liberator  
  42  3:46  SCV, Barracks Tech Lab  
  46  3:49  Orbital Command  
  46  3:53  SCV  
  47  3:58  SCV  
  47  3:59  Hellion  
  47  4:00  Hellion  
  52  4:05  SCV  
  52  4:06  Supply Depot  
  53  4:10  SCV  
  53  4:11  Stimpack  
  53  4:13  Marine  
  55  4:17  SCV  
  55  4:20  SCV  
  55  4:21  Supply Depot  
  55  4:22  SCV  
  58  4:29  Hellion x2, SCV  
  63  4:32  SCV, Starport Reactor  
  63  4:33  Marine  
  63  4:34  SCV  
  66  4:39  Barracks  
  66  4:42  SCV  
  66  4:45  Orbital Command  
  67  4:51  SCV  
  68  4:54  SCV  
  68  4:56  Barracks  
  68  4:57  Supply Depot, Engineering Bay  
  68  4:58  Engineering Bay, Factory Tech Lab  
  69  5:05  SCV, Marine  
  69  5:06  SCV  
  72  5:13  SCV  
  71  5:16  Refinery  
  71  5:17  SCV  
  71  5:18  Refinery, SCV  
  71  5:19  Siege Tank  
  76  5:21  Supply Depot  
  76  5:25  SCV  
  76  5:27  Starport Reactor  
  75  5:29  SCV, Marine  
  75  5:31  SCV  
  75  5:34  Barracks x2  
  78  5:37  SCV  
  78  5:38  Marine x2  
  81  5:43  SCV  
  81  5:44  SCV  
  81  5:46  Marine x2  
  81  5:47  Refinery, Marine  
  81  5:48  Supply Depot  
  83  5:50  SCV  
  83  5:51  Combat Shield  
  83  5:52  Siege Tank  
  83  5:55  Terran Infantry Weapons Level 1  
  83  5:56  SCV  
  88  5:58  SCV  
  88  5:59  Marine  
  88  6:01  Terran Infantry Armor Level 1  
  90  6:05  SCV  
  90  6:06  Marine x2  
  90  6:10  SCV  
  94  6:11  Supply Depot  
  94  6:12  SCV, Medivac  
  94  6:13  Supply Depot  
  94  6:17  SCV  
  98  6:20  Medivac  
  100  6:26  Marine x4  
  100  6:27  SCV  
  100  6:30  SCV  
  100  6:31  Siege Tank, Marine  
  100  6:32  SCV  
  100  6:38  Barracks Reactor  
  100  6:39  Barracks Reactor  
  98  6:41  SCV  
  98  6:42  SCV  
  98  6:43  Marine  
  98  6:44  SCV, Marine x2  
  98  6:45  Medivac, Marine  
  107  6:49  Marine  
  107  6:50  Medivac  
  110  7:01  Marine x2  
  110  7:02  Command Center, Marine  
  110  7:03  Factory  
  110  7:07  Armory, Marine  
  110  7:08  Marine  
  115  7:18  SCV  
  115  7:19  Marine  
  115  7:21  Marine x3  
  115  7:22  Supply Depot, SCV, Siege Tank  
  124  7:23  Supply Depot  
  124  7:25  Marine  
  125  7:41  Marine x6  
  125  7:42  SCV x2, Marine  
  125  7:44  Marine x2  
  119  7:54  Siege Tank  
  113  7:59  Marine x4  
  113  8:00  Marine x2  
  113  8:03  Marine  
  113  8:04  Marine  
  120  8:07  Marine  
  121  8:17  Marine x3  
  121  8:19  Orbital Command  
  124  8:20  Marine x2  
  126  8:29  Marine x3  
  126  8:31  Marine  
  126  8:33  Siege Tank  
  133  8:34  Factory Tech Lab  
  133  8:35  SCV  
  133  8:37  SCV x2  
  133  8:38  Marine  
  133  8:39  Marine  
  133  8:41  Marine  
  139  8:43  Marine x2  
  139  8:48  Marine x2  
  141  8:50  Marine  
  141  8:53  Siege Tank  
  141  8:55  Marine  
  137  8:56  Marine  
  137  8:59  Marine x2  
  114  9:02  Marine  
  114  9:08  Marine x2  
  114  9:09  Marine  
  106  9:17  Marine x2  
  106  9:18  Marine  
  106  9:23  Siege Tank  
  106  9:24  Marine  
  111  9:28  Medivac  
  111  9:30  Marine  
  115  9:36  Medivac  
  115  9:37  Marine  
  104  9:39  Marine  
  101  9:49  Marine  
  101  9:51  Marine x4  
  90  9:54  Marine  
Show
View Real Time Build Order
Export as new Build Order

Mixu Zerg - Winner!

Build Orders: Hatch First 

Get SALT Encoding   

  12  0:00  Drone  
  13  0:12  Overlord  
  13  0:16  Drone  
  14  0:31  Drone x2  
  16  0:48  Hatchery  
  15  0:53  Drone  
  15  0:56  Drone  
  17  0:59  Drone  
  18  1:10  Extractor  
  17  1:14  Spawning Pool  
  16  1:19  Drone  
  16  1:22  Drone  
  18  1:30  Drone  
  19  1:42  Drone  
  20  1:52  Overlord  
  20  2:01  Queen x2  
  20  2:03  Zergling x4  
  26  2:10  Drone  
  26  2:11  Drone  
  28  2:21  Drone  
  28  2:22  Metabolic Boost  
  29  2:24  Drone  
  29  2:37  Hatchery  
  29  2:41  Drone  
  29  2:43  Drone  
  30  2:48  Queen  
  32  2:53  Overlord  
  32  2:57  Drone  
  33  2:59  Drone  
  33  3:02  Drone  
  35  3:06  Overlord  
  35  3:12  Queen  
  37  3:16  Drone x3  
  40  3:20  Overlord  
  40  3:23  Drone  
  40  3:25  Drone  
  42  3:29  Queen  
  42  3:31  Drone  
  45  3:35  Drone  
  45  3:38  Drone  
  47  3:42  Drone x3  
  50  3:48  Zergling x4  
  50  3:55  Queen  
  54  3:58  Queen  
  54  3:59  Drone x4  
  60  4:03  Overlord  
  60  4:08  Drone x3  
  63  4:12  Drone x2  
  65  4:17  Overlord  
  65  4:20  Queen  
  67  4:25  Overlord  
  67  4:31  Baneling Nest  
  66  4:35  Drone x6, Extractor  
  71  4:41  Drone x2  
  73  4:47  Zergling x12  
  73  4:52  Zergling x8  
  81  4:56  Hatchery  
  80  5:01  Spore Crawler  
  80  5:02  Drone x3  
  81  5:09  Overlord  
  79  5:14  Lair, Drone  
  79  5:15  Spore Crawler  
  79  5:22  Drone x2  
  79  5:26  Overlord x2  
  81  5:29  Overlord  
  79  5:41  Drone x8  
  79  5:42  Drone  
  88  5:46  Queen  
  90  5:51  Drone x3  
  90  5:54  Evolution Chamber  
  90  5:55  Evolution Chamber  
  90  5:56  Zergling x4, Extractor x2  
  91  6:03  Zergling x12  
  97  6:05  Drone x2  
  97  6:10  Queen  
  103  6:11  Drone x2  
  103  6:13  Drone x2  
  103  6:17  Extractor  
  103  6:18  Drone, Overlord x2  
  104  6:21  Drone  
  100  6:26  Drone x4  
  100  6:29  Centrifugal Hooks  
  103  6:36  Zerg Ground Armor Level 1, Zerg Melee Weapons Level 1  
  103  6:37  Drone  
  103  6:38  Drone  
  106  6:47  Drone x2  
  106  6:48  Drone x2  
  106  6:50  Drone  
  110  6:56  Zergling x10, Baneling  
  110  6:57  Baneling x8  
  110  7:00  Zergling x6  
  110  7:01  Zergling x2  
  118  7:04  Drone, Hatchery  
  118  7:07  Hydralisk Den, Zergling x8  
  118  7:08  Zergling x2  
  122  7:10  Overlord  
  122  7:11  Zergling x4  
  122  7:13  Baneling x4  
  122  7:14  Zergling x2  
  122  7:15  Baneling  
  125  7:20  Overlord x3  
  125  7:23  Zergling x4  
  125  7:25  Baneling  
  125  7:26  Baneling x5  
  127  7:30  Overlord  
  127  7:32  Zergling x14  
  134  7:40  Baneling x2  
  134  7:41  Zergling x10, Baneling x3  
  136  7:46  Zergling x10  
  136  7:51  Muscular Augments  
  140  7:52  Zergling x18  
  140  7:56  Hydralisk x2  
  150  8:00  Hydralisk  
  150  8:06  Zergling x6  
  150  8:11  Hydralisk  
  154  8:14  Baneling x4  
  154  8:17  Zergling x6  
  154  8:19  Queen  
  158  8:24  Zergling x22  
  169  8:27  Extractor  
  169  8:29  Overlord x3  
  169  8:30  Infestation Pit  
  169  8:31  Drone  
  168  8:38  Zergling x6  
  171  8:41  Zergling x2  
  171  8:45  Overlord x2  
  171  8:46  Baneling x11  
  171  8:51  Zergling x6  
  171  8:55  Zergling x12, Hatchery  
  171  8:56  Zergling x8  
  171  9:02  Zergling x16  
  174  9:05  Zergling x2  
  162  9:11  Hydralisk  
  162  9:12  Hydralisk x2  
  163  9:18  Drone x6  
  163  9:20  Drone  
  170  9:27  Zergling x12  
  176  9:33  Zergling x14  
  176  9:36  Zergling x4  
  172  9:39  Baneling x9  
  172  9:40  Baneling x2  
  172  9:44  Zergling x6  
  172  9:49  Zergling x12  
  156  9:55  Baneling x5  
  156  9:57  Baneling x5  
Tags
 
Add a new tag
Caveats
  • Supply blocks, unpowered buildings, or Contaminate may cause inaccurate times.
  • Supply counts are checked every 10 seconds.